[Event "Titled Tuesday Blitz November 22 Early 2022"]
[White "Krysa, Leandro"]
[Black "Duda, Jan-Krzysztof"]
[WhiteFideId "116807"]
[BlackFideId "1170546"]
[WhiteElo "2485"]
[BlackElo "2779"]
[Result "0-1"]
[Round "02"]
[TimeControl "180+1"]
[Date "2022.11.22"]
[WhiteClock "0:00:02"]
[BlackClock "0:01:11"]

1. c4 g6 2. Nc3 Bg7 3. g3 e5 4. Bg2 f5 5. d3 Nf6 6. e3 O-O 7. Nge2 c6 8. O-O Kh8 9. b4 d5 10. b5 dxc4 11. dxc4 Be6 12. Ba3 Re8 13. Qxd8 Rxd8 14. Rfd1 Rc8 15. bxc6 bxc6 16. Bd6 e4 17. c5 Ne8 18. Nd4 Nxd6 19. cxd6 Bd7 20. f3 c5 21. Nde2 exf3 22. Bxf3 Nc6 23. Rab1 Rab8 24. Rxb8 Rxb8 25. Rd2 Ne5 26. Bd5 Rb6 27. h3 Rxd6 28. Kf2 Nc4 29. Rd1 Nb6 30. e4 fxe4 31. Bxe4 Rxd1 32. Nxd1 Bxh3 33. Nf4 Bg4 34. Ne3 Bd4 35. Ne2 Bxe3+ 36. Kxe3 Kg7 37. Nc1 Nc4+ 38. Kd3 Nd6 39. Bg2 Nf5 40. Nb3 c4+ 41. Kxc4 Ne3+ 42. Kb5 Nxg2 43. Ka6 h5 44. Kxa7 g5 45. Nd4 h4 46. gxh4 gxh4 47. a4 h3 48. a5 h2 0-1


[Site "https://www.chess.com"]

[Event "Titled Tuesday Blitz November 22 Early 2022"]
[White "Kukreja, Sankalp"]
[Black "monkins"]
[WhiteFideId "45027676"]
[WhiteElo "2154"]
[BlackElo "2293"]
[Result "1-0"]
[Round "02"]
[TimeControl "180+1"]
[Date "2022.11.23"]
[WhiteClock "0:00:05"]
[BlackClock "0:00:01"]

1. e4 c6 2. d4 d5 3. e5 c5 4. c3 Nc6 5. Nf3 Bg4 6. Be2 e6 7. O-O Nge7 8. h3 Bxf3 9. Bxf3 cxd4 10. cxd4 Nf5 11. Be3 Be7 12. Nc3 O-O 13. a3 Rc8 14. Rc1 Na5 15. Be2 Nc4 16. Bxc4 Rxc4 17. Qd3 Qb6 18. Nxd5 exd5 19. Qxf5 Rxc1 20. Rxc1 Qxb2 21. Qd7 Bxa3 22. Qxd5 Qb6 23. Ra1 Be7 24. Qe4 a5 25. d5 Qb4 26. Qxb4 Bxb4 27. Bb6 f6 28. e6 Rc8 29. Rd1 Kf8 30. d6 Bxd6 31. Rxd6 Ke7 32. Rd1 Kxe6 33. Ra1 Rc6 34. Bxa5 b5 35. Bb4 Kf5 36. Re1 1-0


[Site "https://www.chess.com"]

[Event "Titled Tuesday Blitz November 22 Early 2022"]
[White "Kuzmin, Roman"]
[Black "Mrudul Dehankar"]
[WhiteFideId "44134932"]
[BlackFideId "25096990"]
[WhiteElo "2197"]
[BlackElo "2068"]
[Result "0-1"]
[Round "02"]
[TimeControl "180+1"]
[Date "2022.11.23"]
[WhiteClock "0:00:16"]
[BlackClock "0:00:06"]

1. e4 c5 2. Nf3 d6 3. d4 cxd4 4. Nxd4 Nf6 5. Nc3 a6 6. Be2 e6 7. O-O Qc7 8. f4 Nbd7 9. Bf3 Be7 10. Be3 Nb6 11. e5 dxe5 12. fxe5 Qxe5 13. Re1 Nc4 14. Bf2 Qc7 15. Qe2 Nxb2 16. Ncb5 axb5 17. Qxb5+ Bd7 18. Qxb2 O-O 19. Qxb7 Qf4 20. Be3 Qe5 21. Qxa8 Rxa8 22. Bxa8 Ng4 23. Nf3 Qb8 24. Rad1 Be8 25. Be4 Nxe3 26. Rxe3 Bc5 27. Nd4 e5 28. c3 exd4 29. cxd4 Qf4 30. Ree1 Bb4 31. Re2 Bb5 32. Rc2 Qxe4 33. Rc8+ Bf8 34. d5 Qe3+ 35. Kh1 Qe2 36. Rg1 Bd7 37. Rd8 Qe7 38. Rb8 Qd6 39. Rd8 Qxd5 40. h3 Qc6 41. a4 Qxa4 42. Rd1 Be6 43. Rb1 h5 44. Rbb8 Qa1+ 45. Kh2 Qe5+ 46. Kg1 Qc5+ 47. Kf1 h4 48. Ke2 g6 49. Kd3 Kg7 50. Ke4 Bf5+ 51. Kf4 Be7 52. Rg8+ Kf6 53. Kf3 Bd6 54. Ke2 Qe5+ 55. Kd2 Qf4+ 56. Kc3 Be5+ 57. Kb3 Be6+ 58. Kc2 Qc4+ 59. Kd2 Bf4+ 60. Kd1 Qd3+ 61. Ke1 Qd2+ 62. Kf1 Bc4+ 63. Kg1 Be3+ 64. Kh2 Bf4+ 65. Kh1 Qe1# 0-1


[Site "https://www.chess.com"]

[Event "Titled Tuesday Blitz November 22 Early 2022"]
[White "Kuznetsov, Mikhail"]
[Black "Bazeev, German"]
[WhiteFideId "4117190"]
[BlackFideId "24119350"]
[WhiteElo "1981"]
[BlackElo "2493"]
[Result "0-1"]
[Round "02"]
[TimeControl "180+1"]
[Date "2022.11.23"]
[WhiteClock "0:00:03"]
[BlackClock "0:00:33"]

1. Nf3 d5 2. g3 c6 3. Bg2 Nf6 4. O-O Bg4 5. Ne5 Be6 6. d4 Nbd7 7. Nd2 g6 8. Ndf3 Nxe5 9. dxe5 Nd7 10. Nd4 Nxe5 11. Nxe6 fxe6 12. Bh3 Qd6 13. e4 Bg7 14. f4 Nf7 15. e5 Qd7 16. Qg4 Nd8 17. Be3 O-O 18. Rad1 b5 19. Bc5 a5 20. c3 Rb8 21. Qg5 Rf7 22. Qg4 b4 23. c4 b3 24. cxd5 cxd5 25. a3 Rc8 26. Rc1 a4 27. Bd4 Rc4 28. Rxc4 dxc4 29. Bc3 Bf8 30. Rd1 Qa7+ 31. Kf1 Qc7 32. Qf3 g5 33. Qg4 h6 34. Kg1 Rg7 35. f5 exf5 36. Qxf5 e6 37. Qe4 Be7 38. Qd4 Rf7 39. Qd7 Bc5+ 40. Kg2 Rxd7 41. Rxd7 Qxd7 42. Bg4 Bd4 43. Kh3 Bxc3 44. bxc3 b2 45. Bxe6+ Qxe6+ 0-1


[Site "https://www.chess.com"]

[Event "Titled Tuesday Blitz November 22 Early 2022"]
[White "Lakshmi C"]
[Black "Ilkhomi, Jaloliddin"]
[WhiteFideId "25035347"]
[BlackFideId "14700948"]
[WhiteElo "1865"]
[BlackElo "2045"]
[Result "0-1"]
[Round "02"]
[TimeControl "180+1"]
[Date "2022.11.23"]
[WhiteClock "0:00:02"]
[BlackClock "0:00:14"]

1. f4 Nf6 2. Nf3 e6 3. g3 b6 4. Bg2 Bb7 5. O-O d5 6. d3 Nbd7 7. Nbd2 Bc5+ 8. d4 Bd6 9. c4 O-O 10. Ne5 Ne4 11. Qa4 Ndf6 12. e3 dxc4 13. Ndxc4 a6 14. Qc2 Rc8 15. Nd2 Nxd2 16. Bxb7 Nxf1 17. Nc6 Nxe3 18. Bxe3 Qd7 19. Bxa6 Ra8 20. Bb5 Qc8 21. a4 Nd5 22. Bd2 h6 23. Rc1 Qe8 24. Ne5 Qe7 25. Nc6 Qf6 26. Qe4 Qf5 27. Qf3 Qf6 28. Qe4 Rfe8 29. Ne5 Bxe5 30. dxe5 Qe7 31. Bxe8 Qxe8 32. b3 Qd7 33. Qc4 c5 34. Be1 Qb7 35. Qe4 Rd8 36. Rd1 Qa6 37. Qf3 b5 38. f5 bxa4 39. fxe6 fxe6 40. bxa4 Qxa4 41. Rb1 Rf8 42. Qe2 Qd4+ 43. Kh1 Qe3 44. Qxe3 Nxe3 45. Rc1 Rf1# 0-1


[Site "https://www.chess.com"]

[Event "Titled Tuesday Blitz November 22 Early 2022"]
[White "Lamaze, Simon"]
[Black "Zemlyanskii, Ivan"]
[WhiteFideId "36069264"]
[BlackFideId "24249971"]
[WhiteElo "2272"]
[BlackElo "2107"]
[Result "0-1"]
[Round "02"]
[TimeControl "180+1"]
[Date "2022.11.22"]
[WhiteClock "0:01:38"]
[BlackClock "0:01:12"]

1. e4 c5 2. Nf3 d6 3. d4 cxd4 4. Nxd4 Nf6 5. Nc3 a6 6. Bd2 e5 7. Nf5 d5 8. Qf3 d4 9. Nd5 Nbd7 10. Bc4 Nxd5 11. Bxd5 Nf6 12. Bb3 Be6 13. Bxe6 fxe6 14. Ng3 Bc5 15. Qb3 Qd7 16. O-O O-O 17. Kh1 Kh8 18. f4 exf4 19. Bxf4 Ng4 20. h3 Ne3 21. Rf3 e5 22. Nh5 exf4 23. Nxf4 Rae8 24. c3 Rxe4 25. Ng6+ hxg6 26. Rxf8+ Bxf8 0-1


[Site "https://www.chess.com"]

[Event "Titled Tuesday Blitz November 22 Early 2022"]
[White "Le Goff, Damien"]
[Black "Sokolovsky, Yahli"]
[WhiteFideId "634808"]
[BlackFideId "2820242"]
[WhiteElo "2362"]
[BlackElo "2316"]
[Result "1/2-1/2"]
[Round "02"]
[TimeControl "180+1"]
[Date "2022.11.23"]
[WhiteClock "0:00:31"]
[BlackClock "0:00:26"]

1. d4 d6 2. Nf3 g6 3. c4 Bg7 4. Nc3 Nf6 5. e4 O-O 6. Be2 Bg4 7. Ng1 Bd7 8. Be3 Nc6 9. Nf3 Ng4 10. Bg5 h6 11. Bc1 e5 12. dxe5 Ngxe5 13. Nxe5 dxe5 14. Be3 Nd4 15. O-O Be6 16. Qd2 Qd7 17. Rfd1 Rad8 18. Bf1 Kh7 19. Nb5 Qc6 20. Bxd4 exd4 21. Bd3 Bxc4 22. Rac1 Qxb5 23. Rxc4 Qd7 24. Qa5 c6 25. Qxa7 Ra8 26. Qb6 Rxa2 27. Rb4 Rb8 28. g3 Raa8 29. Kg2 h5 30. f4 h4 31. e5 h3+ 32. Kf3 Rd8 33. Qxb7 c5 34. Qxd7 Rxd7 35. Rb5 Rc7 36. b3 Ra2 37. Be2 f6 38. e6 Re7 39. Bc4 Rxh2 40. Rxc5 f5 41. Rc8 Rb2 42. Rh1 h2 43. Rd8 Rd2 44. Rd7 Bf6 45. Rxe7+ Bxe7 46. g4 fxg4+ 47. Kxg4 Bd6 48. Kg3 Kg7 49. e7 Bxe7 50. Rxh2 Rxh2 51. Kxh2 Bd6 52. Kg3 g5 53. Kf3 Bxf4 54. b4 Bd6 55. b5 Bc5 56. Bd3 Kf6 57. Kg4 Bb6 58. Kf3 Ke5 59. Kg4 Bd8 60. Kf3 Kd6 61. Ke4 Kc5 62. Kf5 Kb4 63. Be2 Kc5 64. Ke4 Bc7 65. Kd3 Bf4 66. Ke4 Bc7 67. Kf5 Bf4 68. Ke4 Be3 69. Kf5 Kb6 70. Ke4 Ka5 71. Kf5 Kb6 72. Ke4 Bf2 73. Kf5 Bh4 74. Ke4 Kc5 75. Kf5 Kd6 76. Ke4 Bf2 77. Kf5 Be3 78. Ke4 Kc5 79. Kf5 Kd5 80. Bd3 Bf4 81. Kg4 Kc5 82. Kf5 Kb4 83. Be2 Kc3 84. b6 d3 85. Bf3 d2 86. b7 Kd3 87. Kg4 Ke3 88. Bd1 Kf2 89. b8=Q Bxb8 90. Kxg5 Ke1 91. Ba4 Ke2 92. Kf5 Kd3 93. Bd1 Ke3 94. Bh5 Bc7 95. Bd1 Kf2 96. Bh5 Kg3 97. Bd1 Kh4 98. Ba4 Kg3 99. Ke4 Kf2 100. Kd3 Ke1 101. Bc2 Bd6 102. Bb3 Be7 103. Bc2 Bf6 104. Bb3 Bg5 105. Bc2 Bh4 106. Bb3 Bf2 107. Bc2 Bb6 108. Bb3 Bc7 109. Bc2 Bd8 110. Bb3 Be7 111. Bc2 Bg5 112. Bb3 Kf2 113. Bc2 Kf3 114. Bd1+ Kf2 115. Bc2 Kf1 116. Bb3 Ke1 117. Bc2 Bf4 118. Bb3 Be5 119. Bc2 Bd6 120. Bb3 Bc7 121. Bc2 1/2-1/2


[Site "https://www.chess.com"]

[Event "Titled Tuesday Blitz November 22 Early 2022"]
[White "Le, Tuan Minh"]
[Black "Atakishiyev, Elmar"]
[WhiteFideId "12401153"]
[BlackFideId "13410547"]
[WhiteElo "2530"]
[BlackElo "2194"]
[Result "1-0"]
[Round "02"]
[TimeControl "180+1"]
[Date "2022.11.22"]
[WhiteClock "0:00:09"]
[BlackClock "0:00:17"]

1. d4 Nf6 2. Nf3 g6 3. Bg5 Bg7 4. Nbd2 O-O 5. c3 d6 6. e4 c5 7. dxc5 dxc5 8. Bc4 Nc6 9. Qe2 Qc7 10. O-O h6 11. Bxf6 Bxf6 12. Qe3 Ne5 13. Nxe5 Bxe5 14. Qxh6 b5 15. Bd5 Bg7 16. Qh4 Rb8 17. Nf3 e6 18. Bb3 c4 19. Bc2 b4 20. Rad1 bxc3 21. bxc3 Bb7 22. Ng5 Rfd8 23. f4 Rxd1 24. Bxd1 Qb6+ 25. Kh1 Qe3 26. f5 exf5 27. exf5 Qd3 28. Kg1 Qe3+ 29. Kh1 Qd3 30. Qf2 Qd5 31. h4 Qxf5 32. Qxf5 gxf5 33. Be2 Ba6 34. Rxf5 Bxc3 35. Rxf7 Rb1+ 36. Rf1 Be5 37. Rxb1 1-0


[Site "https://www.chess.com"]

[Event "Titled Tuesday Blitz November 22 Early 2022"]
[White "Leve, Nitai"]
[Black "Jeet, Jain"]
[WhiteFideId "2006898"]
[BlackFideId "5073022"]
[WhiteElo "2144"]
[BlackElo "2067"]
[Result "0-1"]
[Round "02"]
[TimeControl "180+1"]
[Date "2022.11.23"]
[WhiteClock "0:00:09"]
[BlackClock "0:00:33"]

1. e4 c6 2. d4 d5 3. exd5 cxd5 4. c4 Nf6 5. Nc3 g6 6. Nf3 Bg7 7. cxd5 O-O 8. Bc4 Nbd7 9. a3 Nb6 10. Ba2 Nfxd5 11. h3 Bf5 12. O-O Nxc3 13. bxc3 Rc8 14. Bd2 Nc4 15. Re1 Qd6 16. Bg5 Rfe8 17. Qa4 Nb2 18. Bxf7+ Kxf7 19. Qb3+ Nc4 20. Qxb7 Rc7 21. Qb3 e6 22. Bh4 Qb6 23. Qd1 Qc6 24. Bg3 Rcc8 25. Ra2 Kg8 26. Rae2 Nxa3 27. Be5 Qxc3 28. Qa4 Nc2 29. Rf1 Bxe5 30. Nxe5 Qxd4 31. Qb3 Rc5 32. Nf3 Qd5 33. Qxd5 Rxd5 0-1


[Site "https://www.chess.com"]

[Event "Titled Tuesday Blitz November 22 Early 2022"]
[White "Levine, David"]
[Black "Jain, Naveen"]
[WhiteFideId "2011611"]
[BlackFideId "5003970"]
[WhiteElo "2179"]
[BlackElo "2036"]
[Result "1-0"]
[Round "02"]
[TimeControl "180+1"]
[Date "2022.11.23"]
[WhiteClock "0:00:42"]
[BlackClock "0:00:02"]

1. d4 Nf6 2. c4 c5 3. d5 b5 4. Qc2 d6 5. e4 g6 6. Nf3 Bg7 7. Na3 a6 8. Be2 O-O 9. O-O Nbd7 10. Re1 Nb6 11. Bd2 Nxc4 12. Nxc4 bxc4 13. Bxc4 Qb6 14. Bc3 Bg4 15. e5 Nd7 16. e6 Bxf3 17. exd7 Bg4 18. Rxe7 Qd8 19. Rae1 Bxd7 20. Bxg7 Kxg7 21. Qc3+ Kg8 22. Qf6 Bb5 23. Bxb5 axb5 24. h4 h5 25. R1e3 Ra7 26. g4 Rxe7 27. Rxe7 Qc8 28. gxh5 Qg4+ 29. Kf1 Qxh5 30. Qxd6 Qd1+ 31. Kg2 Qg4+ 32. Qg3 Qh5 33. d6 Qd5+ 34. Kh2 c4 35. d7 b4 36. Qe5 Qxe5+ 37. Rxe5 f6 38. Re8 1-0


[Site "https://www.chess.com"]

[Event "Titled Tuesday Blitz November 22 Early 2022"]
[White "Levitan, Caleb Levi"]
[Black "Sipila, Vilka"]
[WhiteFideId "14332620"]
[BlackFideId "505455"]
[WhiteElo "1963"]
[BlackElo "2347"]
[Result "1-0"]
[Round "02"]
[TimeControl "180+1"]
[Date "2022.11.23"]
[WhiteClock "0:00:03"]
[BlackClock "0:00:52"]

1. e4 d6 2. d4 Nf6 3. Nc3 g6 4. Bf4 Bg7 5. Qd2 Nc6 6. O-O-O O-O 7. Bh6 e5 8. dxe5 dxe5 9. Bxg7 Qxd2+ 10. Rxd2 Kxg7 11. Nf3 Bg4 12. Be2 Bxf3 13. Bxf3 Nd4 14. Rhd1 c6 15. Ne2 Nxf3 16. gxf3 Rfe8 17. Nc3 Re7 18. Na4 Nh5 19. Rd7 Rae8 20. Nc5 b6 21. Na6 Nf4 22. Nc7 Ne2+ 23. Kb1 Nd4 24. Nxe8+ Rxe8 25. Rxa7 Nxf3 26. Rdd7 Rf8 27. c3 Nxh2 28. Rab7 b5 29. c4 bxc4 30. a4 Ng4 31. a5 Nf6 32. Re7 Nxe4 33. a6 Nc5 34. Rb6 Nxa6 35. Rxa6 h5 36. Rxe5 h4 37. Rxc6 h3 38. Re1 Rh8 39. Rh1 Rh4 40. Kc2 Kh6 41. Kc3 Kg5 42. Rxc4 Rh8 43. b4 Kf5 44. b5 g5 45. b6 g4 46. b7 Rb8 47. Rc7 Ke6 48. Kd3 f5 49. Ke3 Kd6 50. Rg7 Ke5 51. Re7+ Kf6 52. Rc7 Ke5 53. f4+ Kd6 54. Rf7 Ke6 55. Rg7 Kd5 56. Rd1+ Kc6 57. Rc1+ Kb6 58. Rc8 Rxb7 59. Rxb7+ Kxb7 60. Rf8 Kc6 61. Rxf5 g3 62. Rh5 h2 63. Kf3 Kd6 64. Kxg3 h1=Q 65. Rxh1 1-0


[Site "https://www.chess.com"]

[Event "Titled Tuesday Blitz November 22 Early 2022"]
[White "Lorenzo De La Riva, Lazaro"]
[Black "Shimanov, Aleksandr"]
[WhiteFideId "2268809"]
[BlackFideId "4198603"]
[WhiteElo "2294"]
[BlackElo "2605"]
[Result "0-1"]
[Round "02"]
[TimeControl "180+1"]
[Date "2022.11.23"]
[WhiteClock "0:00:04"]
[BlackClock "0:01:13"]

1. e4 d5 2. exd5 Qxd5 3. Nc3 Qe5+ 4. Be2 Bg4 5. d4 Bxe2 6. Ngxe2 Qa5 7. Bf4 Nf6 8. Qd2 e6 9. O-O Nc6 10. a3 O-O-O 11. b4 Qf5 12. Be3 h5 13. b5 Na5 14. Qd3 Qxd3 15. cxd3 Be7 16. Ne4 Nd5 17. Bd2 Nb3 18. Rab1 Nxd2 19. Nxd2 Rd7 20. Rfc1 Rhd8 21. a4 Kb8 22. Nc4 Bf6 23. Ne5 Bxe5 24. dxe5 Ne7 25. d4 Nf5 26. Nf4 Nxd4 27. Re1 g6 28. a5 b6 29. a6 Nc2 30. Rf1 Na3 31. Rb3 Nc4 32. Rc3 Nxe5 33. h3 Nd3 34. Nxd3 Rxd3 35. Rc4 Rb3 36. Rfc1 Rd7 37. Rc6 Rxb5 38. Kh2 Ra5 39. g4 hxg4 40. hxg4 Rxa6 41. f4 Ra3 42. R1c2 Kb7 43. R6c3 Rxc3 44. Rxc3 c5 45. Kg3 Kc6 46. f5 gxf5 47. gxf5 exf5 48. Kf4 b5 49. Ke5 b4 50. Rc1 Kb5 51. Kf4 b3 52. Ke3 c4 53. Rb1 Kb4 54. Ke2 c3 55. Rh1 c2 56. Rh4+ Ka3 57. Rh1 b2 58. Rh3+ Ka2 59. Rh4 c1=Q 60. Ra4+ Kb3 61. Ra6 b1=Q 62. Kf3 Qe4+ 63. Kf2 Qcf4+ 64. Kg1 Rd1# 0-1


[Site "https://www.chess.com"]

[Event "Titled Tuesday Blitz November 22 Early 2022"]
[White "Lucas, Arthur"]
[Black "Manon-og, Ramon Jr."]
[WhiteFideId "26093073"]
[BlackFideId "5200776"]
[WhiteElo "2251"]
[BlackElo "2320"]
[Result "1/2-1/2"]
[Round "02"]
[TimeControl "180+1"]
[Date "2022.11.23"]
[WhiteClock "0:00:10"]
[BlackClock "0:00:06"]

1. Nf3 Nf6 2. b3 g6 3. Bb2 d5 4. g3 Bg7 5. Bg2 O-O 6. O-O c6 7. d3 Re8 8. Nbd2 Bg4 9. h3 Bf5 10. Re1 Qc8 11. Kh2 Bd7 12. e4 dxe4 13. dxe4 Ng4+ 14. hxg4 Bxb2 15. Rb1 Bc3 16. g5 Bg4 17. Re3 Bd4 18. Re2 Bg7 19. e5 Nd7 20. Qe1 e6 21. Nc4 Qc7 22. Re4 Bxf3 23. Bxf3 Red8 24. Rd1 b5 25. Nd6 Nxe5 26. Rxe5 Rxd6 27. Rxd6 Qxd6 28. Rxb5 cxb5 29. Bxa8 Qc5 30. Qd2 Bd4 31. Kg2 Bc3 32. Qd8+ Kg7 33. Qd3 b4 34. f4 Be1 35. Qe2 Bc3 36. Bf3 Qd4 37. Be4 Qc5 38. Bd3 Qa5 39. Kf3 Qxa2 40. Bc4 Qa1 41. Ke4 Qh1+ 42. Kd3 Qg1 43. Qf3 Qd4+ 44. Ke2 Qd2+ 45. Kf1 Qxc2 46. Qe2 Qc1+ 47. Kg2 Qb2 48. Qxb2 Bxb2 49. Kf3 Kf8 50. Ke4 Ke7 51. Bb5 f6 52. gxf6+ Bxf6 53. g4 Kd6 54. g5 Bc3 55. Ba4 Bd2 56. Bb5 Bc3 57. Ba4 e5 58. fxe5+ Bxe5 59. Bb5 Bc3 60. Bc4 Bd2 61. Bg8 h5 62. gxh6 Bxh6 63. Bf7 g5 64. Bh5 Kc5 65. Bg4 a5 66. Bd7 Bf8 67. Kf5 Be7 68. Ke6 Bd8 69. Kf5 Kd4 70. Kg4 Kc3 71. Ba4 Kd4 72. Kf5 Ke3 73. Kg4 Ke4 74. Bb5 Ke5 75. Ba4 Kd4 76. Bb5 Kc5 77. Ba4 Kb6 78. Bd7 Kc5 79. Ba4 Kd4 1/2-1/2


[Site "https://www.chess.com"]

[Event "Titled Tuesday Blitz November 22 Early 2022"]
[White "Madaminov, Mukhiddin"]
[Black "Gilmanov, Mansur"]
[WhiteFideId "14210703"]
[BlackFideId "4166868"]
[WhiteElo "2341"]
[BlackElo "2377"]
[Result "1-0"]
[Round "02"]
[TimeControl "180+1"]
[Date "2022.11.23"]
[WhiteClock "0:01:19"]
[BlackClock "0:00:20"]

1. d4 f5 2. Bg5 Nf6 3. Bxf6 exf6 4. e3 d5 5. c4 Be6 6. cxd5 Bxd5 7. Nc3 Bb4 8. Ne2 O-O 9. a3 Bxc3+ 10. Nxc3 Kh8 11. Qc2 Nc6 12. Qxf5 Bf7 13. Be2 Bg6 14. Qf4 Ne7 15. O-O c6 16. Rfd1 Nd5 17. Nxd5 Qxd5 18. Rac1 Rae8 19. Bc4 Qh5 20. f3 Bf7 21. Kf2 Bxc4 22. Rxc4 f5 23. Rc5 Qf7 24. Rd2 Qb3 25. h4 h6 26. h5 Rf6 27. Re5 Ref8 28. Re7 R6f7 29. Qe5 Rxe7 30. Qxe7 Rf7 31. Qe8+ Kh7 32. d5 cxd5 33. Qxf7 1-0


[Site "https://www.chess.com"]

[Event "Titled Tuesday Blitz November 22 Early 2022"]
[White "Makhmudov, Shukhrat"]
[Black "Balabayeva, Xeniya"]
[WhiteFideId "14200775"]
[BlackFideId "13719688"]
[WhiteElo "2135"]
[BlackElo "2041"]
[Result "0-1"]
[Round "02"]
[TimeControl "180+1"]
[Date "2022.11.23"]
[WhiteClock "0:00:04"]
[BlackClock "0:00:06"]

1. e4 e5 2. Nf3 Nf6 3. d3 Nc6 4. Bg5 Be7 5. Nbd2 d5 6. Be2 Be6 7. O-O d4 8. Nh4 Nxe4 9. Bxe7 Qxe7 10. Nxe4 Qxh4 11. Nc5 Qe7 12. Nxe6 Qxe6 13. f4 exf4 14. Bg4 Qd6 15. Re1+ Ne5 16. Qf3 O-O 17. Qxf4 Rae8 18. Bh3 Re7 19. Re4 Rfe8 20. Rxd4 Qb6 21. Qf2 Qxb2 22. Rf1 f6 23. Ra4 Nc6 24. Bf5 Qb6 25. d4 Rd8 26. Qh4 g5 27. Qg4 Rxd4 28. Rxd4 Qxd4+ 29. Qxd4 Nxd4 30. Bd3 Kg7 31. Rb1 b6 32. Rb4 c5 33. Ra4 Nc6 34. Bb5 Nb4 35. c3 Nd5 36. Ra3 a5 37. Bc4 Ne3 38. Bb5 Nc2 39. Rb3 Ne3 40. Be2 Re6 41. Bf3 f5 42. Bb7 Kf6 43. Kf2 f4 44. Kf3 h5 45. Bc8 Rd6 46. h4 Nc4 47. hxg5+ Kxg5 48. Ba6 Nd2+ 49. Kf2 Nxb3 50. axb3 Rd2+ 51. Kf3 Rc2 52. c4 Rc3+ 53. Ke4 Rxb3 54. Bc8 a4 55. Bd7 a3 0-1


[Site "https://www.chess.com"]

[Event "Titled Tuesday Blitz November 22 Early 2022"]
[White "Malka, Samuel"]
[Black "Hrabinska, Myroslava"]
[WhiteFideId "20643675"]
[BlackFideId "14109190"]
[WhiteElo "2463"]
[BlackElo "2171"]
[Result "1-0"]
[Round "02"]
[TimeControl "180+1"]
[Date "2022.11.23"]
[WhiteClock "0:00:32"]
[BlackClock "0:00:09"]

1. d4 Nf6 2. c4 e6 3. g3 d5 4. Nf3 Be7 5. Bg2 O-O 6. O-O c6 7. Qc2 b6 8. Nbd2 Bb7 9. e4 Nbd7 10. e5 Ne8 11. cxd5 cxd5 12. Qa4 Nc7 13. Re1 b5 14. Qd1 Nb6 15. b3 a5 16. a3 b4 17. a4 Rc8 18. Nf1 Ba6 19. h4 Ne8 20. Bd2 h5 21. Ng5 g6 22. Bf3 Ng7 23. Ne3 Bxg5 24. hxg5 Nf5 25. Nxf5 exf5 26. e6 Re8 27. exf7+ Kxf7 28. Bf4 Rc3 29. Bg2 Rd3 30. Qc2 Rc3 31. Qb2 Rxe1+ 32. Rxe1 Qc8 33. Qd2 Bd3 34. Re5 Be4 35. f3 Bxf3 36. Bxf3 Rxf3 37. Qe2 Rxb3 38. Re7+ Kf8 39. Rc7 Qe8 40. Bd6+ 1-0


[Site "https://www.chess.com"]

[Event "Titled Tuesday Blitz November 22 Early 2022"]
[White "Malyi, Viacheslav"]
[Black "Babazada, Khazar"]
[WhiteFideId "14123983"]
[BlackFideId "13413554"]
[WhiteElo "2291"]
[BlackElo "2359"]
[Result "1/2-1/2"]
[Round "02"]
[TimeControl "180+1"]
[Date "2022.11.23"]
[WhiteClock "0:00:07"]
[BlackClock "0:00:42"]

1. e4 e6 2. d4 d5 3. Nc3 Nf6 4. Bg5 dxe4 5. Nxe4 Nbd7 6. Nf3 Be7 7. Bxf6 Nxf6 8. Nxf6+ Bxf6 9. Bd3 O-O 10. O-O c5 11. c3 cxd4 12. Nxd4 Bxd4 13. cxd4 Bd7 14. Be4 Qb6 15. d5 Rfd8 16. Qf3 e5 17. b3 Qd6 18. Rac1 g6 19. g4 Rac8 20. g5 Kg7 21. Qe3 b6 22. Rxc8 Rxc8 23. Rc1 Rxc1+ 24. Qxc1 Qb4 25. Qe3 Qd4 26. Qxd4 exd4 27. Kf1 Bb5+ 28. Ke1 Kf8 29. Kd2 Ke7 30. Bd3 Bd7 31. Be4 Kd6 32. Kd3 Ke5 33. a4 Bh3 34. f4+ Kxf4 35. Kxd4 Kxg5 36. Ke5 f5 37. Bf3 f4 38. d6 Bd7 39. Bd5 Kg4 40. Be6+ Bxe6 41. Kxe6 f3 42. d7 f2 43. d8=Q f1=Q 44. Qc7 Qf5+ 45. Ke7 Qe4+ 46. Kd8 Qd5+ 47. Kc8 Qxb3 48. Qxa7 Qg8+ 49. Kb7 Kh3 50. Qxb6 Kxh2 51. a5 g5 52. a6 Qd5+ 53. Qc6 Qb3+ 54. Qb6 Qf3+ 55. Kb8 g4 56. a7 Qf8+ 57. Kb7 Qf3+ 58. Qc6 Qb3+ 59. Kc8 Qg8+ 60. Kb7 Qb3+ 61. Kc7 Qf7+ 62. Qd7 Qc4+ 63. Qc6 Qf7+ 64. Qd7 Qc4+ 65. Qc6 Qf7+ 1/2-1/2


[Site "https://www.chess.com"]

[Event "Titled Tuesday Blitz November 22 Early 2022"]
[White "Manelyuk, Daniil"]
[Black "Moroni, Luca Jr"]
[WhiteFideId "44173920"]
[BlackFideId "865834"]
[WhiteElo "2209"]
[BlackElo "2573"]
[Result "0-1"]
[Round "02"]
[TimeControl "180+1"]
[Date "2022.11.23"]
[WhiteClock "0:00:04"]
[BlackClock "0:00:22"]

1. e4 d6 2. d4 e5 3. Nf3 exd4 4. Nxd4 Nf6 5. Nc3 Be7 6. g3 O-O 7. Bg2 Re8 8. O-O Bf8 9. Bg5 h6 10. Bd2 c6 11. a4 a5 12. h3 Na6 13. Re1 Nc5 14. Kh2 Qb6 15. Be3 Qxb2 16. Qd2 Qb6 17. Rab1 Qc7 18. f4 Nfxe4 19. Nxe4 Nxe4 20. Bxe4 Rxe4 21. Qd3 d5 22. c4 Bd7 23. cxd5 cxd5 24. Rec1 Qd6 25. Rxb7 Rae8 26. Bf2 Bxa4 27. Rcc7 Qg6 28. f5 Qf6 29. Rxf7 Qe5 30. Ra7 Kh8 31. Ne6 Re2 32. Qf3 Qe4 33. Kg2 Bd6 34. Rxg7 Be5 35. Rh7+ Kg8 36. Rxh6 Rxf2+ 37. Kxf2 Bd4+ 38. Nxd4 Qxd4+ 39. Kg2 Qd2+ 40. Kg1 Re1+ 41. Qf1 Rxf1+ 42. Kxf1 Qxh6 43. Ra8+ Kf7 44. Ra7+ Ke8 45. Ra8+ Kd7 46. Ra7+ Kc8 0-1


[Site "https://www.chess.com"]

[Event "Titled Tuesday Blitz November 22 Early 2022"]
[White "Martic, Ivan"]
[Black "Kilic, Eray"]
[WhiteFideId "929301"]
[BlackFideId "44517173"]
[WhiteElo "2355"]
[BlackElo "2328"]
[Result "1-0"]
[Round "02"]
[TimeControl "180+1"]
[Date "2022.11.23"]
[WhiteClock "0:01:49"]
[BlackClock "0:01:44"]

1. d4 Nf6 2. Bg5 d5 3. Bxf6 gxf6 4. e3 c5 5. Nc3 e6 6. Nf3 Nc6 7. Bb5 Bd7 8. O-O Qc7 9. e4 cxd4 10. Nxd4 Bc5 11. Nb3 Bd6 12. exd5 Ne5 13. dxe6 fxe6 14. Qh5+ Ng6 15. Bxd7+ Qxd7 16. Ne4 Be7 17. Rad1 Qc6 18. Rfe1 O-O 19. Nd4 Qb6 20. Ng3 e5 21. Ndf5 Bc5 22. Rd7 Bxf2+ 23. Kh1 Rf7 24. Nh6+ 1-0


[Site "https://www.chess.com"]

[Event "Titled Tuesday Blitz November 22 Early 2022"]
[White "Martin Duque, Jesus"]
[Black "Jones, Daniel"]
[WhiteFideId "2208954"]
[BlackFideId "2019655"]
[WhiteElo "2297"]
[BlackElo "2334"]
[Result "0-1"]
[Round "02"]
[TimeControl "180+1"]
[Date "2022.11.23"]
[WhiteClock "0:00:41"]
[BlackClock "0:00:43"]

1. Nf3 Nf6 2. b3 b6 3. g3 Bb7 4. Bg2 e6 5. Bb2 Be7 6. O-O O-O 7. c4 c5 8. Nc3 d5 9. e3 Nbd7 10. Qe2 Re8 11. Nh4 Nf8 12. cxd5 Nxd5 13. Nxd5 Bxh4 14. Nf6+ Bxf6 15. Bxf6 Qxf6 16. Bxb7 Rad8 17. a4 Ng6 18. Rfd1 Ne5 19. Be4 g6 20. f4 Nd7 21. a5 Re7 22. axb6 Nxb6 23. Qb5 Rc7 24. Rac1 Qb2 25. Rc2 Qa3 26. Rdc1 Rxd2 27. Rxc5 Rcd7 28. Rc8+ Nxc8 29. Rxc8+ Rd8 30. Qb8 Qa1+ 0-1


[Site "https://www.chess.com"]

[Event "Titled Tuesday Blitz November 22 Early 2022"]
[White "Martin, Lewis"]
[Black "Thorhallsson, Simon"]
[WhiteFideId "410551"]
[BlackFideId "2310090"]
[WhiteElo "2145"]
[BlackElo "2109"]
[Result "1-0"]
[Round "02"]
[TimeControl "180+1"]
[Date "2022.11.23"]
[WhiteClock "0:00:25"]
[BlackClock "0:00:01"]

1. e4 d6 2. d4 Nf6 3. Nc3 g6 4. g3 Bg7 5. Bg2 O-O 6. Nge2 c6 7. O-O Qc7 8. f4 e5 9. h3 Nbd7 10. Be3 exd4 11. Nxd4 Re8 12. Re1 Nc5 13. Bf2 Ne6 14. Nb3 Nf8 15. Qd2 Be6 16. Rad1 Rad8 17. g4 Bc4 18. g5 Nh5 19. Bf3 d5 20. exd5 Nxf4 21. Bg3 Nxh3+ 22. Kh2 Qc8 23. Rxe8 Rxe8 24. d6 Qf5 25. Bg2 Nxg5 26. Nd4 Bxd4 27. Qxd4 Be6 28. Rf1 Qxc2 29. Rf2 Qc1 30. Bf4 Qe1 31. Bxg5 Bc8 32. Qf6 Re5 33. Qxf7+ 1-0


[Site "https://www.chess.com"]